[Event "GambitGuide"]
[Site "Internet Chess Club"]
[Date "2014.10.31"]
[Round "1"]
[White "JSBach"]
[Black "PinkFluffyBunny"]
[Result "0-1"]
[ICCResult "White checkmated"]
[WhiteElo "1688"]
[BlackElo "2233"]
[Opening "Vienna: `Frankenstein-Dracula' variation"]
[ECO "C27"]
[NIC "VG.02"]
[Time "00:04:33"]
[TimeControl "120+12"]

1. e4 e5 2. Nc3 Nf6 3. Bc4 Nxe4 4. Qh5 Nd6 5. Bb3 Nc6 6. Nb5 g6 7. Qf3 f5 8.
Qd5 Qe7 9. Nxc7+ Kd8 10. Nxa8 b6 11. Ba4 Bb7 12. Nxb6 axb6 13. Qb3 Kc7 14.
Ne2 Bg7 15. O-O Ra8 16. Re1 Qh4 17. Nc3 Nd4 18. Nb5+ N6xb5 19. Qc4+ Bc6 20.
Bxb5 d5 21. Bxc6 dxc4 22. Bxa8 Nxc2 23. Rxe5 Bxe5 24. g3 Qh5 25. Rb1 Qd1+
26. Kg2 Ne1+ 27. Kf1 Nd3+ 28. Kg2 Nxc1 29. Bd5 Qc2 30. f4 Bd4 31. Ra1 Bxb2
32. Rxc1 Bxc1 33. Kh3 Bxd2 34. Bf3 Be3 35. a3 Bg1 36. Bg2 Qe2 37. a4 Qh5#
{White checkmated}
0-1

[Event "GambitGuide"]
[Site "Internet Chess Club"]
[Date "2014.10.31"]
[Round "1"]
[White "JSBach"]
[Black "ehus33"]
[Result "1-0"]
[ICCResult "Black resigns"]
[WhiteElo "1688"]
[BlackElo "1196"]
[Opening "Vienna: `Frankenstein-Dracula' variation"]
[ECO "C27"]
[NIC "VG.02"]
[Time "00:06:59"]
[TimeControl "120+12"]

1. e4 e5 2. Nc3 Nf6 3. Bc4 Nxe4 4. Qh5 Nd6 5. Bb3 Nc6 6. Nb5 g6 7. Qf3 f5 8.
Qd5 Qe7 9. Nxc7+ Kd8 10. Nxa8 b6 11. Ba4 Bb7 12. Nxb6 axb6 13. Qb3 Kc7 14.
Ne2 Bg7 15. O-O Rc8 16. Re1 e4 17. d3 exd3 18. cxd3 Be5 19. Be3 Kb8 20. d4
Bf6 21. Qxb6 {Black resigns} 1-0

[Event "GambitGuide"]
[Site "Internet Chess Club"]
[Date "2014.10.31"]
[Round "1"]
[White "JSBach"]
[Black "Totoro"]
[Result "0-1"]
[ICCResult "White checkmated"]
[WhiteElo "1688"]
[BlackElo "1531"]
[Opening "Vienna: `Frankenstein-Dracula' variation"]
[ECO "C27"]
[NIC "VG.02"]
[Time "00:07:47"]
[TimeControl "120+12"]

1. e4 e5 2. Nc3 Nf6 3. Bc4 Nxe4 4. Qh5 Nd6 5. Bb3 Nc6 6. Nb5 g6 7. Qf3 f5 8.
Qd5 Qe7 9. Nxc7+ Kd8 10. Nxa8 b6 11. Ba4 Bb7 12. Nxb6 axb6 13. Qb3 b5 14.
Nf3 bxa4 15. Qxa4 Nd4 16. Nxd4 exd4+ 17. Kf1 Bh6 18. Qxd4 Re8 19. Qb6+ Kc8
20. Qc5+ Kb8 21. Qe3 Bxe3 22. fxe3 f4 23. c3 fxe3 24. dxe3 Qf6+ 25. Ke2 Rf8
26. e4 Qf2+ 27. Kd1 Nxe4 28. h4 Ba6 29. c4 Bxc4 30. Bf4+ Rxf4 31. Kc1 Qd2+
32. Kb1 Bd3# {White checkmated} 0-1

[Event "GambitGuide"]
[Site "Internet Chess Club"]
[Date "2014.10.31"]
[Round "1"]
[White "JSBach"]
[Black "superpuma"]
[Result "1-0"]
[ICCResult "Black resigns"]
[WhiteElo "1688"]
[BlackElo "2046"]
[Opening "Vienna: `Frankenstein-Dracula' variation"]
[ECO "C27"]
[NIC "VG.02"]
[Time "00:04:03"]
[TimeControl "120+12"]

1. e4 e5 2. Nc3 Nf6 3. Bc4 Nxe4 4. Qh5 Nd6 5. Bb3 Nc6 6. Nb5 g6 7. Qf3 f5 8.
Qd5 Qe7 9. Nxc7+ Kd8 10. Nxa8 b6 11. Ba4 Bb7 12. Nxb6 axb6 13. Qb3 Kc7 14.
Ne2 Ne4 15. c4 Nc5 16. Qb5 Ba6 17. Qxa6 Nxa6 18. O-O Bg7 19. Bb5 Nab4 20.
Nc3 Qc5 21. Na4 Qe7 22. Nc3 Nd4 23. a3 Nxb5 24. Nxb5+ Kb7 25. axb4 Qxb4 26.
d3 Ra8 27. Na3 e4 28. d4 Bxd4 29. Ra2 Qb3 30. Ra1 Bxb2 31. Rb1 Qxa3 32. Bxb2
Qa2 33. Rfd1 Kc6 34. Ra1 Qxb2 35. Rxa8 Qc2 36. Rda1 Kd6 37. R8a4 f4 38. Rb4
Ke7 39. Re1 Kf7 40. h4 Qd2 41. Reb1 e3 42. fxe3 fxe3 43. Rf1+ Kg7 44. Rbb1
e2 45. Rfc1 Qe3+ 46. Kh2 Qf4+ 47. Kh3 h6 48. g3 Qf5+ 49. Kh2 Qf2+ 50. Kh3 g5
51. Re1 gxh4 52. Kxh4 Qd4+ 53. Kh3 Qxc4 54. Rb2 Qe6+ 55. Kh2 d5 56. Rbxe2
Qd6 57. Re6 Qb4 58. Re7+ Kg6 59. R1e6+ Kg5 60. Re5+ Kg4 61. Rg7+ Kf3 62.
Rf7+ Kg4 63. Rf4+ Qxf4 64. gxf4 {Black resigns} 1-0

[Event "GambitGuide"]
[Site "Internet Chess Club"]
[Date "2014.10.31"]
[Round "1"]
[White "JSBach"]
[Black "RamRock"]
[Result "1-0"]
[ICCResult "Black resigns"]
[WhiteElo "1688"]
[BlackElo "1685"]
[Opening "Vienna: `Frankenstein-Dracula' variation"]
[ECO "C27"]
[NIC "VG.02"]
[Time "00:06:54"]
[TimeControl "120+12"]

1. e4 e5 2. Nc3 Nf6 3. Bc4 Nxe4 4. Qh5 Nd6 5. Bb3 Nc6 6. Nb5 g6 7. Qf3 f5 8.
Qd5 Qe7 9. Nxc7+ Kd8 10. Nxa8 b6 11. Ba4 Bb7 12. Nxb6 axb6 13. Qb3 b5 14. d3
bxa4 15. Qxa4 Bg7 16. Be3 f4 17. Bc5 Qe6 18. Qa3 Nf7 19. Kf1 d6 20. Ba7 Qc8
21. Re1 Nxa7 22. Qxa7 Qa8 23. Qxa8+ Bxa8 24. a4 Kd7 25. b4 Rb8 26. b5 Nd8
27. f3 Nb7 28. Ke2 Nc5 29. Ra1 Rb7 30. h4 e4 31. Ra2 exd3+ 32. cxd3 Nb3 33.
Kd1 Na5 34. Ne2 Rc7 35. Nxf4 Rc5 36. Rc2 Rxc2 37. Kxc2 Bd4 38. Re1 Be5 39.
Ne2 Bd5 40. Kd2 Bb3 41. Nc3 Bxc3+ 42. Kxc3 Be6 43. Kb4 Nb7 44. a5 Nc5 45.
Re3 Bf5 46. a6 Kc7 47. a7 Kb7 48. Re7+ Ka8 49. b6 Nb7 50. Re8+ {Black
resigns} 1-0

[Event "GambitGuide"]
[Site "Internet Chess Club"]
[Date "2014.10.31"]
[Round "1"]
[White "JSBach"]
[Black "Totoro"]
[Result "0-1"]
[ICCResult "White checkmated"]
[WhiteElo "1688"]
[BlackElo "1531"]
[Opening "Vienna: `Frankenstein-Dracula' variation"]
[ECO "C27"]
[NIC "VG.02"]
[Time "00:08:37"]
[TimeControl "120+12"]

1. e4 e5 2. Nc3 Nf6 3. Bc4 Nxe4 4. Qh5 Nd6 5. Bb3 Nc6 6. Nb5 g6 7. Qf3 f5 8.
Qd5 Qe7 9. Nxc7+ Kd8 10. Nxa8 b6 11. Ba4 Bb7 12. Nxb6 axb6 13. Qb3 b5 14.
Ne2 bxa4 15. Qxa4 Nd4 16. Nxd4 exd4+ 17. Kf1 Bh6 18. Qxd4 Re8 19. Qb6+ Kc8
20. Qe3 Bxe3 21. dxe3 f4 22. Rg1 fxe3 23. Bxe3 Ba6+ 24. Ke1 Nc4 25. Rh1 Nxe3
26. Kd2 Nxc2 27. Kxc2 Qe2+ 28. Kb3 Qd3+ 29. Ka4 Qc4+ 30. Ka3 Re5 31. b3 Ra5+
32. Kb2 Qd4+ 33. Kb1 Bd3+ 34. Kc1 Qc3+ 35. Kd1 Qc2+ 36. Ke1 Qe2#
{White checkmated}
0-1

[Event "GambitGuide"]
[Site "Internet Chess Club"]
[Date "2014.10.31"]
[Round "1"]
[White "JSBach"]
[Black "Totoro"]
[Result "0-1"]
[ICCResult "White checkmated"]
[WhiteElo "1683"]
[BlackElo "1531"]
[Opening "Vienna: `Frankenstein-Dracula' variation"]
[ECO "C27"]
[NIC "VG.02"]
[Time "00:09:38"]
[TimeControl "120+12"]

1. e4 e5 2. Nc3 Nf6 3. Bc4 Nxe4 4. Qh5 Nd6 5. Bb3 Nc6 6. Nb5 g6 7. Qf3 f5 8.
Qd5 Qe7 9. Nxc7+ Kd8 10. Nxa8 b6 11. Ba4 Bb7 12. Nxb6 axb6 13. Qb3 b5 14.
Nf3 bxa4 15. Qxa4 Nd4 16. Nxd4 exd4+ 17. Kf1 Bh6 18. Qxd4 Re8 19. Qb6+ Kc8
20. Qc5+ Kb8 21. Qe3 Bxe3 22. dxe3 f4 23. Rg1 fxe3 24. Bxe3 Ba6+ 25. Ke1 Nc4
26. Kd1 Nxe3+ 27. fxe3 Qxe3 28. c4 Bxc4 29. Kc2 Qd3+ 30. Kc1 Re2 31. a4 Qc2#
{White checkmated}
0-1

[Event "GambitGuide"]
[Site "Internet Chess Club"]
[Date "2014.10.31"]
[Round "1"]
[White "JSBach"]
[Black "bobbyjones"]
[Result "1-0"]
[ICCResult "Black resigns"]
[WhiteElo "1683"]
[BlackElo "1038"]
[Opening "Vienna: `Frankenstein-Dracula' variation"]
[ECO "C27"]
[NIC "VG.02"]
[Time "00:08:51"]
[TimeControl "120+12"]

1. e4 e5 2. Nc3 Nf6 3. Bc4 Nxe4 4. Qh5 Nd6 5. Bb3 Nc6 6. Nb5 g6 7. Qf3 f5 8.
Qd5 Qe7 9. Nxc7+ Kd8 10. Nxa8 b6 11. Ba4 Qh4 12. Bxc6 dxc6 13. Qxe5 Rg8 14.
d4 Bb7 15. Nh3 Bxa8 16. Bg5+ {Black resigns} 1-0

[Event "GambitGuide"]
[Site "Internet Chess Club"]
[Date "2014.10.31"]
[Round "1"]
[White "JSBach"]
[Black "Totoro"]
[Result "0-1"]
[ICCResult "White checkmated"]
[WhiteElo "1683"]
[BlackElo "1531"]
[Opening "Vienna: `Frankenstein-Dracula' variation"]
[ECO "C27"]
[NIC "VG.02"]
[Time "00:10:12"]
[TimeControl "120+12"]

1. e4 e5 2. Nc3 Nf6 3. Bc4 Nxe4 4. Qh5 Nd6 5. Bb3 Nc6 6. Nb5 g6 7. Qf3 f5 8.
Qd5 Qe7 9. Nxc7+ Kd8 10. Nxa8 b6 11. Ba4 Bb7 12. Nxb6 axb6 13. Qb3 b5 14.
Nf3 bxa4 15. Qxa4 Nd4 16. Nxd4 exd4+ 17. Kf1 Bh6 18. Qxd4 Re8 19. Qb6+ Kc8
20. Qe3 Bxe3 21. fxe3 f4 22. c3 fxe3 23. dxe3 Ba6+ 24. Kf2 Rf8+ 25. Ke1 Nc4
26. a4 Nxe3 27. c4 Nc2+ 28. Kd1 Nxa1 29. Bh6 Bxc4 30. Kd2 Qe2+ 31. Kc3 Qd3+
32. Kb4 Qb3+ 33. Kc5 Rf5+ 34. Kd4 Qd3# {White checkmated} 0-1

[Event "GambitGuide"]
[Site "Internet Chess Club"]
[Date "2014.10.31"]
[Round "1"]
[White "JSBach"]
[Black "ehus33"]
[Result "1-0"]
[ICCResult "Black resigns"]
[WhiteElo "1683"]
[BlackElo "1132"]
[Opening "Vienna: `Frankenstein-Dracula' variation"]
[ECO "C27"]
[NIC "VG.02"]
[Time "00:12:51"]
[TimeControl "120+12"]

1. e4 e5 2. Nc3 Nf6 3. Bc4 Nxe4 4. Qh5 Nd6 5. Bb3 Nc6 6. Nb5 g6 7. Qf3 f5 8.
Qd5 Qe7 9. Nxc7+ Kd8 10. Nxa8 b6 11. Ba4 Na5 12. d4 exd4+ 13. Ne2 Bg7 14.
Bf4 Nf7 15. Rd1 Nc6 16. Bxc6 {Black resigns} 1-0

[Event "GambitGuide"]
[Site "Internet Chess Club"]
[Date "2014.10.31"]
[Round "1"]
[White "JSBach"]
[Black "bobbyjones"]
[Result "1-0"]
[ICCResult "Black resigns"]
[WhiteElo "1683"]
[BlackElo "1038"]
[Opening "Vienna: `Frankenstein-Dracula' variation"]
[ECO "C27"]
[NIC "VG.02"]
[Time "00:10:36"]
[TimeControl "120+12"]

1. e4 e5 2. Nc3 Nf6 3. Bc4 Nxe4 4. Qh5 Nd6 5. Bb3 Nc6 6. Nb5 g6 7. Qf3 f5 8.
Qd5 Qe7 9. Nxc7+ Kd8 10. Nxa8 b6 11. Ba4 Ba6 12. Bxc6 dxc6 13. Qb3 Ne4 14.
Nxb6 Qc5 15. d4 Qxb6 16. Qxb6+ axb6 17. dxe5 Bc5 18. f3 Nf2 19. Bg5+ Kd7 20.
Bf6 Re8 21. Nh3 Nxh1 22. O-O-O+ Kc8 23. Rxh1 Be3+ 24. Kb1 Bd4 25. f4 h6 26.
Bg7 g5 27. c3 Bd3+ 28. Ka1 Be3 29. Bxh6 gxf4 30. Bxf4 Bxf4 31. Nxf4 Be4 32.
e6 c5 33. h4 b5 34. h5 b4 35. h6 bxc3 36. bxc3 Rh8 37. a4 Kc7 38. e7 Kd7 39.
Rd1+ Kxe7 40. Ng6+ Kf6 41. Nxh8 c4 42. Rd2 Bd3 43. Rxd3 cxd3 44. Kb2 Ke5 45.
Ng6+ Ke4 46. h7 d2 47. Kc2 Ke3 48. h8=Q Ke2 49. Qh5+ Ke1 50. Qd1+
{Black resigns}
1-0

[Event "GambitGuide"]
[Site "Internet Chess Club"]
[Date "2014.10.31"]
[Round "1"]
[White "JSBach"]
[Black "dbwally"]
[Result "1-0"]
[ICCResult "Black resigns"]
[WhiteElo "1683"]
[BlackElo "1400"]
[Opening "Vienna: `Frankenstein-Dracula' variation"]
[ECO "C27"]
[NIC "VG.02"]
[Time "00:11:41"]
[TimeControl "120+12"]

1. e4 e5 2. Nc3 Nf6 3. Bc4 Nxe4 4. Qh5 Nd6 5. Bb3 Nc6 6. Nb5 g6 7. Qf3 f5 8.
Qd5 Qe7 9. Nxc7+ Kd8 10. Nxa8 b6 11. Ba4 Bb7 12. Nxb6 axb6 13. Qb3 Kc7 14.
Ne2 Bg7 15. Nc3 Rd8 16. Nd5+ {Black resigns} 1-0

[Event "GambitGuide"]
[Site "Internet Chess Club"]
[Date "2014.10.31"]
[Round "1"]
[White "JSBach"]
[Black "chesskid"]
[Result "1-0"]
[ICCResult "Black resigns"]
[WhiteElo "1683"]
[BlackElo "2404"]
[Opening "Vienna: `Frankenstein-Dracula' variation"]
[ECO "C27"]
[NIC "VG.02"]
[Time "00:13:16"]
[TimeControl "120+12"]

1. e4 e5 2. Nc3 Nf6 3. Bc4 Nxe4 4. Qh5 Nd6 5. Bb3 Nc6 6. Nb5 g6 7. Qf3 f5 8.
Qd5 Qe7 9. Nxc7+ Kd8 10. Nxa8 b6 11. Ba4 Bb7 12. Nxb6 axb6 13. Qb3 Kc7 14.
Ne2 Bg7 15. O-O Ra8 16. Re1 e4 17. d3 Na5 18. Qa3 Qe6 19. Bf4 Be5 20. d4
Bxf4 21. Nxf4 Qc4 22. c3 g5 23. Ne2 b5 24. Bc2 Nc6 25. Qc5 Qxc5 26. dxc5 Nf7
27. a4 b4 28. Bb3 Nfe5 29. cxb4 Nxb4 30. Nc3 Nbd3 31. Re2 Nf4 32. Ree1 Ned3
33. Reb1 Kc6 34. g3 Nh3+ 35. Kg2 Nhxf2 36. Bd5+ Kc7 37. Nb5+ Kb8 38. Bxb7
Kxb7 39. Nd6+ Kc6 40. b4 f4 41. gxf4 gxf4 42. a5 Rg8+ 43. Kf1 Nh3 44. Nxe4
f3 45. b5+ Kd5 46. Nf6+ Kd4 47. Nxg8 Ke3 48. a6 {Black resigns} 1-0

[Event "GambitGuide"]
[Site "Internet Chess Club"]
[Date "2014.10.31"]
[Round "1"]
[White "JSBach"]
[Black "PinkFluffyBunny"]
[Result "1-0"]
[ICCResult "Black checkmated"]
[WhiteElo "1683"]
[BlackElo "2233"]
[Opening "Vienna: `Frankenstein-Dracula' variation"]
[ECO "C27"]
[NIC "VG.02"]
[Time "00:14:06"]
[TimeControl "120+12"]

1. e4 e5 2. Nc3 Nf6 3. Bc4 Nxe4 4. Qh5 Nd6 5. Bb3 Nc6 6. Nb5 g6 7. Qf3 f5 8.
Qd5 Qe7 9. Nxc7+ Kd8 10. Nxa8 b6 11. Ba4 Bb7 12. Nxb6 axb6 13. Qb3 Kc7 14.
Ne2 Bg7 15. Nc3 Nd4 16. Nd5+ Bxd5 17. Qxd5 Qe6 18. Qxe6 dxe6 19. c3 Nc6 20.
d3 e4 21. d4 Ra8 22. Bb3 Na5 23. Bxe6 Ndc4 24. Bf4+ Kc6 25. O-O-O b5 26. d5+
Kc5 27. b4+ Kb6 28. bxa5+ Rxa5 29. d6 Rxa2 30. Bxc4 bxc4 31. d7 Bf6 32. Rd6+
Kc5 33. Rxf6 Ra1+ 34. Kb2 Rxh1 35. Bd6+ Kc6 36. d8=Q Rf1 37. Qc7+ Kb5 38.
Qd7+ Ka5 39. Bc7# {Black checkmated} 1-0

[Event "GambitGuide"]
[Site "Internet Chess Club"]
[Date "2014.10.31"]
[Round "1"]
[White "JSBach"]
[Black "bobbyjones"]
[Result "1-0"]
[ICCResult "Black resigns"]
[WhiteElo "1683"]
[BlackElo "1038"]
[Opening "Vienna: `Frankenstein-Dracula' variation"]
[ECO "C27"]
[NIC "VG.02"]
[Time "00:14:47"]
[TimeControl "120+12"]

1. e4 e5 2. Nc3 Nf6 3. Bc4 Nxe4 4. Qh5 Nd6 5. Bb3 Nc6 6. Nb5 g6 7. Qf3 f5 8.
Qd5 Qe7 9. Nxc7+ Kd8 10. Nxa8 b6 11. Ba4 Qe6 12. Qxe6 dxe6 13. Bxc6 Bb7 14.
Bxb7 Nxb7 15. Nf3 Bd6 16. d4 e4 17. Ne5 Bxe5 18. Bg5+ Kc8 19. dxe5 Kb8 20.
Nxb6 axb6 21. Be3 Nc5 22. Bxc5 bxc5 23. a4 c4 24. a5 Ka7 25. Rg1 Rb8 26.
O-O-O Rb5 27. Rd7+ Ka6 28. Rd6+ Kxa5 29. Rxe6 Kb4 30. Re7 h5 31. e6 Ra5 32.
Rb7+ Kc5 33. e7 Ra1+ 34. Kd2 {Black resigns} 1-0

[Event "GambitGuide"]
[Site "Internet Chess Club"]
[Date "2014.10.31"]
[Round "1"]
[White "JSBach"]
[Black "RamRock"]
[Result "1/2-1/2"]
[ICCResult "Game drawn because neither player has mating material"]
[WhiteElo "1683"]
[BlackElo "1685"]
[Opening "Vienna: `Frankenstein-Dracula' variation"]
[ECO "C27"]
[NIC "VG.02"]
[Time "00:09:34"]
[TimeControl "120+12"]

1. e4 e5 2. Nc3 Nf6 3. Bc4 Nxe4 4. Qh5 Nd6 5. Bb3 Nc6 6. Nb5 g6 7. Qf3 f5 8.
Qd5 Qe7 9. Nxc7+ Kd8 10. Nxa8 b6 11. Ba4 Bb7 12. Nxb6 axb6 13. Qb3 b5 14.
Nf3 bxa4 15. Qxa4 e4 16. Nd4 Nxd4 17. Qxd4 Bg7 18. Qc5 Bc6 19. O-O Nc8 20.
Qc4 Qe6 21. Qxe6 dxe6 22. a4 Kc7 23. a5 Na7 24. h3 Bd4 25. c3 Be5 26. b4 Bb5
27. Rd1 Bd3 28. Bb2 Rb8 29. Rdc1 Bc4 30. Rcb1 Nb5 31. a6 Ra8 32. Re1 Nd6 33.
Ra5 Bf4 34. Rea1 Kb6 35. g3 Bg5 36. h4 Bf6 37. h5 Rxa6 38. hxg6 hxg6 39.
R1a3 Rxa5 40. Rxa5 Bg5 41. Bc1 Bb5 42. Kh2 Nc4 43. Ra2 Ne5 44. Kg2 Nd3 45.
Ba3 Ne1+ 46. Kh1 Nf3 47. Bc1 Bc4 48. Rb2 Ne5 49. Rc2 Nd3 50. Kh2 Bf6 51. Ba3
Nxf2 52. Bc1 Nd3 53. g4 Nxc1 54. Rxc1 Bd3 55. Rg1 g5 56. Kh3 Be2 57. gxf5
exf5 58. Rb1 Bb5 59. Rc1 Bc4 60. Kg2 Kc6 61. Kf2 Kd5 62. Rb1 Bb5 63. Re1 Kc4
64. Re2 Kb3 65. Re1 Kc2 66. Ke3 Bc6 67. c4 f4+ 68. Ke2 Kb3 69. b5 Bb7 70. c5
Bd4 71. c6 Bc8 72. Kd1 Bf5 73. Rh1 Kb4 74. c7 Kxb5 75. Rh5 Kc4 76. Rxg5 Bc8
77. Rg8 Ba6 78. Ra8 Bb7 79. c8=R+ Bxc8 80. Rxc8+ Kd3 81. Rb8 f3 82. Rb3+ Kc4
83. Kc2 f2 84. Rb1 Kd5 85. Rf1 Ke5 86. Kd1 Kf4 87. Kc1 Kf3 88. Kd1 Kg2 89.
Ke2 Bb6 90. Rc1 Bd4 91. Rf1 e3 92. dxe3 Bxe3 93. Rd1 Ba7 94. Rc1 Be3 95. Ra1
Ba7 96. Rc1 Bc5 97. Rb1 Bb6 98. Rc1 Bc5 99. Ra1 Ba7 100. Rb1 Bb6 101. Ra1
Ba5 102. Rc1 Be1 103. Rxe1 fxe1=Q+ 104. Kxe1
{Game drawn because neither player has mating material}
1/2-1/2

[Event "GambitGuide"]
[Site "Internet Chess Club"]
[Date "2014.10.31"]
[Round "1"]
[White "JSBach"]
[Black "PinkFluffyBunny"]
[Result "0-1"]
[ICCResult "White checkmated"]
[WhiteElo "1683"]
[BlackElo "2233"]
[Opening "Vienna: `Frankenstein-Dracula' variation"]
[ECO "C27"]
[NIC "VG.02"]
[Time "00:16:10"]
[TimeControl "120+12"]

1. e4 e5 2. Nc3 Nf6 3. Bc4 Nxe4 4. Qh5 Nd6 5. Bb3 Nc6 6. Nb5 g6 7. Qf3 f5 8.
Qd5 Qe7 9. Nxc7+ Kd8 10. Nxa8 b6 11. Ba4 Bb7 12. Nxb6 axb6 13. Qb3 Kc7 14.
Ne2 Bg7 15. O-O Ra8 16. Re1 Qh4 17. Nc3 Nd4 18. Nb5+ N6xb5 19. Qc4+ Bc6 20.
Bxb5 d5 21. Bxc6 dxc4 22. Bxa8 Nxc2 23. Rxe5 Bxe5 24. g3 Qh5 25. Rb1 Qd1+
26. Kg2 Ne1+ 27. Kg1 Nd3+ 28. Kg2 Nxc1 29. Bd5 Qc2 30. f4 Bxb2 31. Rxb2 Qxb2
32. Bxc4 Qxd2+ 33. Kh3 Nxa2 34. Bg8 Qe2 35. Bf7 Nc3 36. Bb3 Ne4 37. Bd5 Nf2+
38. Kg2 Ng4+ 39. Kg1 Qxh2+ 40. Kf1 Qf2# {White checkmated} 0-1

[Event "GambitGuide"]
[Site "Internet Chess Club"]
[Date "2014.10.31"]
[Round "1"]
[White "JSBach"]
[Black "bobbyjones"]
[Result "1-0"]
[ICCResult "Black resigns"]
[WhiteElo "1683"]
[BlackElo "1038"]
[Opening "Vienna: `Frankenstein-Dracula' variation"]
[ECO "C27"]
[NIC "VG.02"]
[Time "00:16:29"]
[TimeControl "120+12"]

1. e4 e5 2. Nc3 Nf6 3. Bc4 Nxe4 4. Qh5 Nd6 5. Bb3 Nc6 6. Nb5 g6 7. Qf3 f5 8.
Qd5 Qe7 9. Nxc7+ Kd8 10. Nxa8 b6 11. Ba4 b5 12. Bxb5 Nxb5 13. Qxb5 Qe6 14.
Nf3 Bd6 15. O-O h6 16. Re1 Re8 17. d4 Qf6 18. dxe5 Nxe5 19. Qa5+ Ke7 20.
Nxe5 Kf8 21. Bxh6+ Kg8 22. Nd3 Bxh2+ 23. Kf1 Ba6 24. Rxe8+ Kh7 25. Bc1 Bxd3+
26. cxd3 Qh4 27. Qxa7 Be5 28. Rxe5 Qh1+ 29. Ke2 Qxg2 30. Re7+ {Black
resigns} 1-0

[Event "GambitGuide"]
[Site "Internet Chess Club"]
[Date "2014.10.31"]
[Round "1"]
[White "JSBach"]
[Black "chesskid"]
[Result "0-1"]
[ICCResult "White checkmated"]
[WhiteElo "1678"]
[BlackElo "2404"]
[Opening "Vienna: `Frankenstein-Dracula' variation"]
[ECO "C27"]
[NIC "VG.02"]
[Time "00:16:41"]
[TimeControl "120+12"]

1. e4 e5 2. Nc3 Nf6 3. Bc4 Nxe4 4. Qh5 Nd6 5. Bb3 Nc6 6. Nb5 g6 7. Qf3 f5 8.
Qd5 Qe7 9. Nxc7+ Kd8 10. Nxa8 b6 11. Ba4 Nd4 12. f4 Bb7 13. Qxe5 Bxg2 14.
Nxb6 axb6 15. c3 Nc6 16. Bxc6 dxc6 17. Ne2 Qxe5 18. fxe5 Bxh1 19. exd6 Bxd6
20. h3 Bg2 21. h4 h6 22. d4 Be7 23. Kf2 Be4 24. Kg3 g5 25. hxg5 hxg5 26. b4
Rh4 27. Bd2 f4+ 28. Nxf4 gxf4+ 29. Bxf4 Rh1 30. Rxh1 Bxh1 31. a4 Kd7 32. a5
b5 33. a6 Kc8 34. Be5 Bd8 35. Bd6 Bb6 36. Kf4 Kd7 37. Be5 Bd5 38. Kg4 Be6+
39. Kf4 Ke7 40. Kg5 Bc8 41. d5 cxd5 42. a7 Bxa7 43. Kf4 Ke6 44. Bg7 Bb8+ 45.
Ke3 Be5 46. Bxe5 Kxe5 47. Kf2 d4 48. cxd4+ Kxd4 49. Kg3 Kc4 50. Kf3 Kxb4 51.
Kf2 Kc3 52. Ke3 b4 53. Ke2 b3 54. Ke3 b2 55. Ke4 b1=Q+ 56. Kf4 Qe1 57. Kf3
Qe5 58. Kg2 Qf4 59. Kh1 Qg5 60. Kh2 Bb7 61. Kh3 Kd3 62. Kh2 Qg2#
{White checkmated}
0-1

[Event "GambitGuide"]
[Site "Internet Chess Club"]
[Date "2014.10.31"]
[Round "1"]
[White "JSBach"]
[Black "RamRock"]
[Result "1-0"]
[ICCResult "Black checkmated"]
[WhiteElo "1678"]
[BlackElo "1685"]
[Opening "Vienna: `Frankenstein-Dracula' variation"]
[ECO "C27"]
[NIC "VG.02"]
[Time "00:17:01"]
[TimeControl "120+12"]

1. e4 e5 2. Nc3 Nf6 3. Bc4 Nxe4 4. Qh5 Nd6 5. Bb3 Nc6 6. Nb5 g6 7. Qf3 f5 8.
Qd5 Qe7 9. Nxc7+ Kd8 10. Nxa8 b6 11. Ba4 Bb7 12. Nxb6 axb6 13. Qb3 b5 14.
Nf3 bxa4 15. Qxa4 e4 16. Nd4 Nxd4 17. Qxd4 Bg7 18. Qc5 Bc6 19. O-O Qf6 20.
Re1 Qd4 21. Qxd4 Bxd4 22. a4 Kc7 23. c3 Be5 24. d4 Bf6 25. b4 Nc4 26. b5 Bd5
27. a5 Ra8 28. Bf4+ d6 29. a6 Kb6 30. Reb1 g5 31. Be3 f4 32. Bc1 h5 33. h4
e3 34. hxg5 Bxg5 35. Ra2 exf2+ 36. Rxf2 Rf8 37. Rb4 Be6 38. g3 Rf5 39. gxf4
Bh6 40. Ra4 Ka7 41. Re2 Rf6 42. Rxe6 Rxe6 43. f5 Re1+ 44. Kf2 Rxc1 45. Rxc4
Rc2+ 46. Kf1 Rb2 47. Rc7+ Ka8 48. Rb7 Be3 49. b6 Rf2+ 50. Ke1 Rxf5 51. Rg7
Rf8 52. Rd7 Bf4 53. Ra7+ Kb8 54. Rb7+ Ka8 55. Re7 Rb8 56. Ra7#
{Black checkmated}
1-0

[Event "GambitGuide"]
[Site "Internet Chess Club"]
[Date "2014.10.31"]
[Round "1"]
[White "JSBach"]
[Black "RamRock"]
[Result "1-0"]
[ICCResult "Black resigns"]
[WhiteElo "1678"]
[BlackElo "1685"]
[Opening "Vienna: `Frankenstein-Dracula' variation"]
[ECO "C27"]
[NIC "VG.02"]
[Time "00:19:59"]
[TimeControl "120+12"]

1. e4 e5 2. Nc3 Nf6 3. Bc4 Nxe4 4. Qh5 Nd6 5. Bb3 Nc6 6. Nb5 g6 7. Qf3 f5 8.
Qd5 Qe7 9. Nxc7+ Kd8 10. Nxa8 b6 11. Ba4 Bb7 12. Nxb6 axb6 13. Qb3 b5 14.
Nf3 bxa4 15. Qxa4 e4 16. Nd4 Nxd4 17. Qxd4 Bg7 18. Qc5 Qe5 19. Qxe5 Bxe5 20.
a4 Kc7 21. Rb1 Ra8 22. b3 Ba6 23. Bb2 Bxb2 24. Rxb2 Nb7 25. b4 Bc4 26. a5
Nd6 27. h4 h5 28. Rh3 Rb8 29. Rg3 Bf7 30. Rc3+ Kb7 31. b5 Nc4 32. a6+ Kb6
33. Ra2 Nd6 34. a7 Ra8 35. Ra6+ Kb7 36. Rxd6 Rxa7 37. Rxd7+ Kb6 38. Rxa7
Kxa7 39. Rc7+ Kb6 40. Rxf7 {Black resigns} 1-0

[Event "GambitGuide"]
[Site "Internet Chess Club"]
[Date "2014.10.31"]
[Round "1"]
[White "JSBach"]
[Black "Spidey"]
[Result "0-1"]
[ICCResult "White checkmated"]
[WhiteElo "1678"]
[BlackElo "1400"]
[Opening "Vienna: `Frankenstein-Dracula' variation"]
[ECO "C27"]
[NIC "VG.02"]
[Time "00:18:00"]
[TimeControl "120+12"]

1. e4 e5 2. Nc3 Nf6 3. Bc4 Nxe4 4. Qh5 Nd6 5. Bb3 Nc6 6. Nb5 g6 7. Qf3 f5 8.
Qd5 Qe7 9. Nxc7+ Kd8 10. Nxa8 b6 11. Ba4 Bb7 12. Nxb6 axb6 13. Qb3 Kc7 14.
Ne2 e4 15. Qd5 Bg7 16. Qb3 g5 17. a3 f4 18. Nc3 Na5 19. Qb4 Qe5 20. Rb1 Nc6
21. Qb3 Nd4 22. Qb4 Bc6 23. O-O f3 24. g3 Qf5 25. Re1 Qh3 26. Nb5+ N6xb5 27.
Qd6+ Nxd6 28. Bxc6 Qg2# {White checkmated} 0-1

[Event "GambitGuide"]
[Site "Internet Chess Club"]
[Date "2014.10.31"]
[Round "1"]
[White "JSBach"]
[Black "PinkFluffyBunny"]
[Result "1-0"]
[ICCResult "Black checkmated"]
[WhiteElo "1678"]
[BlackElo "2233"]
[Opening "Vienna: `Frankenstein-Dracula' variation"]
[ECO "C27"]
[NIC "VG.02"]
[Time "00:19:04"]
[TimeControl "120+12"]

1. e4 e5 2. Nc3 Nf6 3. Bc4 Nxe4 4. Qh5 Nd6 5. Bb3 Nc6 6. Nb5 g6 7. Qf3 f5 8.
Qd5 Qe7 9. Nxc7+ Kd8 10. Nxa8 b6 11. Ba4 Bb7 12. Nxb6 axb6 13. Qb3 Kc7 14.
Ne2 Bg7 15. Nc3 Na5 16. Nd5+ Bxd5 17. Qxd5 Qh4 18. b3 Nc6 19. Ba3 Ne4 20. g3
Qg4 21. Bxc6 dxc6 22. Qf7+ Kc8 23. Qxg7 Rd8 24. d3 Qf3 25. Rf1 Rxd3 26. cxd3
Qxd3 27. Qg8+ Kb7 28. Qxh7+ Ka6 29. Qh6 f4 30. Bb4 Nc3 31. Bxc3 Qxc3+ 32.
Ke2 f3+ 33. Kd1 Qd3+ 34. Qd2 Qxf1+ 35. Qe1 Qd3+ 36. Kc1 e4 37. Kb2 b5 38.
Rd1 Qe2+ 39. Qxe2 fxe2 40. Re1 Kb6 41. Rxe2 Kc5 42. Rxe4 Kd5 43. Rg4 g5 44.
Rxg5+ Ke4 45. Rc5 Kf3 46. h4 Kxf2 47. Rc3 Kg2 48. g4 Kf2 49. h5 Ke2 50. Rxc6
Kd2 51. Rb6 b4 52. Rxb4 Ke3 53. h6 Kd3 54. h7 Ke3 55. h8=Q Kd3 56. Qe5 Kd2
57. Rd4# {Black checkmated} 1-0